 Dungeon Crawl Stone Soup version 0.22.1-1-ga44c0e56f4 (webtiles) character file.

34 Zarr the Vexing (level 3, 0/19 HPs)
             Began as a Deep Elf Enchanter on Sept 26, 2018.
             Succumbed to an adder's poison
             ... on level 2 of the Dungeon.
             The game lasted 00:07:03 (960 turns).

Zarr the Vexing (Deep Elf Enchanter)                 Turns: 960, Time: 00:07:03

Health: 0/19       AC:  3    Str:  5    XL:     3   Next: 14%
Magic:  2/9        EV: 13    Int: 19    God:
Gold:   55         SH:  0    Dex: 16    Spells: 5/8 levels left

rFire    . . .     SeeInvis .   a - +1 dagger
rCold    . . .     Gourm    .   (no shield)
rNeg     . . .     Faith    .   b - +0 robe
rPois    .         Spirit   .   (no helmet)
rElec    .         Reflect  .   (no cloak)
rCorr    .         Harm     .   (no gloves)
MR       .....                  g - +0 pair of boots
Stlth    +++.......             (no amulet)
HPRegen  0.06/turn              (no ring)
MPRegen  0.11/turn              (no ring)

@: lethally poisoned (0 -> -7)
A: no striking features
a: no special abilities


You were on level 2 of the Dungeon.
You were not hungry.

You visited 1 branch of the dungeon, and saw 2 of its levels.

You collected 55 gold pieces.

Inventory:

Hand Weapons
 a - a +1 dagger (weapon)
Armour
 b - a +0 robe (worn)
 g - a +0 pair of boots (worn)
Scrolls
 e - a scroll of enchant armour {unknown}
 f - a scroll of fear {unknown}
 h - 2 scrolls of identify {unknown}
 j - a scroll of magic mapping {unknown}
Potions
 c - a potion of degeneration {unknown}
 i - a potion of heal wounds {unknown}
 l - a potion of cancellation {unknown}
 m - a potion of lignification {unknown}
Comestibles
 d - a ration
 k - a chunk of flesh


   Skills:
 * Level 2.1 Short Blades
 - Level 2.4 Dodging
 + Level 4.0 Stealth
 + Level 3.4 Spellcasting
 + Level 4.4 Hexes


You had 5 spell levels left.
You knew the following spells:

 Your Spells              Type           Power        Failure   Level  Hunger
a - Corona                Hex            ###....      2%          1    None
b - Ensorcelled Hibernat  Hex/Ice        ##....       9%          2    ##.....

Your spell library contained the following spells:

 Spells                   Type           Power        Failure   Level  Hunger
 Confuse                  Hex            ###.....     7%          3    ###....
 Tukima's Dance           Hex            ###.....     7%          3    ###....
 Dazzling Spray           Conj/Hex       ##....       19%         3    ###....


Dungeon Overview and Level Annotations

Branches:
Dungeon (2/15)

Altars:
Nemelex Xobeh


Message History

The adder is severely wounded.
The adder closely misses you.
You barely miss the adder.
The adder is severely wounded.
The adder stops glowing.
The adder closely misses you.
You hit the adder.
The adder is almost dead.
* * * LOW HITPOINT WARNING * * *
You feel sick. The adder completely misses you.
You closely miss the adder.
The adder is almost dead.
The adder barely misses you.
You hit the adder.
You kill the adder!
Your Short Blades skill increases to level 2!
You have reached level 3!
Your experience leads to an increase in your attributes!
Increase (S)trength, (I)ntelligence, or (D)exterity?
You feel agile.
You die...

#.# # #.# ##### .#
####.# ##...##.##
....## #........#
##...## #.....(.. #
##.....## #......
####..>....## #.†.##
.##(.....†..####@..##
............'.......#
............####...##
...#.......## #..##
...##.....## #!##
..####...## #.# ..#
##+## #.. #.# .####
#.. #.#####.... ..


There were no monsters in sight!

Vanquished Creatures
  2 adders (D:2)
  A leopard gecko (D:2)
  An orc (D:2)
  2 giant cockroaches
  4 goblins (D:1)
  A hobgoblin (D:2)
  2 kobolds (D:2)
  A frilled lizard (D:1)
14 creatures vanquished.

Notes
Turn   | Place    | Note
-------+----------+-------------------------------------------
     0 | D:1      | Zarr the Deep Elf Enchanter began the quest for the Orb.
     0 | D:1      | Reached XP level 1. HP: 10/10 MP: 6/6
    39 | D:1      | Found a sparkling altar of Nemelex Xobeh.
   324 | D:1      | You fall through a shaft!
   372 | D:2      | Reached XP level 2. HP: 9/15 MP: 6/8
   614 | D:2      | Learned a level 2 spell: Ensorcelled Hibernation
   960 | D:2      | Reached XP level 3. HP: 1/19 MP: 1/9
   960 | D:2      | Succumbed to an adder's poison

Skill      XL: |  1  2 |
---------------+-------+-----
Stealth        | 4 |  4.0
Short Blades   | 2 |  2.1
Dodging        | |  2.4
Spellcasting   | |  3.4
Hexes          | |  4.4

Action                   || total
-------------------------++-------
Melee: Dagger            ||    61
 Cast: Corona            ||    10
       Ensorcelled Hiber ||     6
 Stab: Sleeping          ||     6
Armor: Robe              ||     7
Dodge: Dodged            ||    44
